 Dungeon Crawl Stone Soup version 0.30.0-29-ga12c61a403 (webtiles) character file.

Game seed: 17790398001195710355

15521 AlmostDecent the Thrower (level 12, 0/91 HPs)
             Began as a Gnoll Ice Elementalist on June 7, 2023.
             Was an Elder of Vehumet.
             Slain by Grum
             ... wielding a -1 halberd
              (8 damage)
             ... on level 11 of the Dungeon.
             The game lasted 00:49:58 (13503 turns).

AlmostDecent the Thrower (Gnoll Ice Elementalist)  Turns: 13503, Time: 00:49:59

Health: 0/91       AC: 15    Str:  7    XL:     12   Next: 27%
Magic:  22/25      EV: 15    Int: 23    God:    Vehumet [****..]
Gold:   689        SH:  0    Dex: 12    Spells: 10/29 levels left

rFire   . . .        J - +5 falchion (freeze)
rCold   + . .        (no shield)
rNeg    . . .        a - +0 robe
rPois   +            l - +1 helmet
rElec   .            d - +0 cloak
rCorr   .            (no gloves)
SInv    .            (no boots)
Will    +....        u - amulet of Divine Intervention {RegenMP rPois Will+}
Stlth   ++++         y - ring "Wemysyol" {rPois rC+ Int+2}
HPRegen 0.35/turn    e - ring of wizardry
MPRegen 0.59/turn

%: wizardry (x1)
@: ice-armoured, freezing walls, studying Throwing
A: fangs 1, strong nose, distributed training
a: Renounce Religion


You were on level 11 of the Dungeon.
You worshipped Vehumet.
Vehumet was greatly pleased with you.
You visited 2 branches of the dungeon, and saw 14 of its levels.
You also visited: Ossuary.

You collected 780 gold pieces.
You spent 91 gold pieces at shops.

Inventory:

Hand Weapons
 c - a +3 quarterstaff of chaos
 J - a +5 falchion of freezing (weapon)
Missiles
 o - a throwing net
Armour
 a - a +0 robe (worn)
 d - a +0 cloak (worn)
 l - a +1 helmet (worn)
 K - a +1 hat
Magical Staves
 I - a staff of cold
Jewellery
 e - a ring of wizardry (right hand)
 n - a ring of fire
 s - a +4 ring of protection
 u - the amulet of Divine Intervention (around neck) {RegenMP rPois Will+}
   (You acquired it in an ossuary)

   [amulet of magic regeneration]

   It increases your rate of magic regeneration.
   rPois:     It protects you from poison.
   Will:      It increases your willpower.
 y - the ring "Wemysyol" (left hand) {rPois rC+ Int+2}
   (You found it on level 7 of the Dungeon)

   [ring of poison resistance]

   Int:       It affects your intelligence (+2).
   rC:        It protects you from cold.
   rPois:     It protects you from poison.
 C - a ring of protection from cold
 G - an amulet of guardian spirit
Wands
 h - a wand of charming (15)
 k - a wand of flame (23)
 H - a wand of roots (20)
Scrolls
 j - a scroll of silence
 m - 2 scrolls of teleportation
 v - a scroll of immolation
 w - a scroll of amnesia {unknown}
Potions
 b - a potion of magic
 f - 6 potions of lignification
 g - a potion of heal wounds
 i - 3 potions of attraction
 p - 2 potions of ambrosia {unknown}
 q - 2 potions of invisibility {unknown}
 r - 4 potions of flight
 t - 2 potions of mutation {unknown}
 z - 4 potions of brilliance
 A - 2 potions of haste {unknown}
 B - 4 potions of resistance
 D - 6 potions of curing
 E - a potion of might
 F - a potion of cancellation {unknown}


   Skills:
 + Level 7.4 Fighting
 + Level 7.4 Short Blades
 + Level 7.4 Long Blades
 + Level 7.4 Axes
 + Level 7.4 Maces & Flails
 + Level 7.4 Polearms
 + Level 7.4 Staves
 + Level 7.4 Ranged Weapons
 + Level 10.5 Throwing
 + Level 7.4 Armour
 + Level 8.8 Dodging
 + Level 8.6 Stealth
 + Level 7.4 Shields
 + Level 7.4 Unarmed Combat
 + Level 9.0 Spellcasting
 + Level 6.1 Conjurations
 + Level 6.1 Hexes
 + Level 6.1 Summonings
 + Level 6.1 Necromancy
 + Level 6.1 Translocations
 + Level 6.1 Transmutations
 + Level 6.1 Fire Magic
 + Level 9.5 Ice Magic
 + Level 6.1 Air Magic
 + Level 6.1 Earth Magic
 + Level 6.1 Poison Magic
 + Level 8.1 Invocations
 + Level 7.4 Evocations


You had 10 spell levels left.
You knew the following spells:

 Your Spells              Type           Power      Damage    Failure   Level
a - Freeze                Ice            100%       1d10      1%          1
b - Frozen Ramparts       Ice            100%       1d16      1%          3
c - Ozocubu's Armour      Ice            52%        N/A       1%          3
d - Blink                 Tloc           76%        N/A       1%          2
e - Vampiric Draining     Necr           38%        2d8       1%          3
f - Summon Ice Beast      Ice/Summ       46%        N/A       1%          4
g - Sandblast             Erth           76%        2d16      1%          1
h - Scorch                Fire           76%        2d8       1%          2

Your spell library contained the following spells:

 Spells                   Type           Power      Damage    Failure   Level
 Ignite Poison            Fire/Tmut/Pois 38%        N/A       1%          3
 Apportation              Tloc           76%        N/A       1%          1
 Magic Dart               Conj           100%       1d8       1%          1
 Necrotise                Necr           100%       1d9       1%          1
 Summon Small Mammal      Summ           100%       N/A       1%          1
 Call Imp                 Summ           76%        N/A       1%          2
 Call Canine Familiar     Summ           38%        N/A       1%          3
 Hailstorm                Conj/Ice       46%        3d11      1%          3
 Inner Flame              Hex/Fire       38%        N/A       1%          3
 Mephitic Cloud           Conj/Pois/Air  38%        N/A       1%          3
 Portal Projectile        Hex/Tloc       76%        N/A       1%          3
 Cause Fear               Hex            19%        N/A       1%          4
 Flame Wave               Conj/Fire      38%        2d10      1%          4
 Ice Form                 Ice/Tmut       46%        N/A       1%          4
 Leda's Liquefaction      Hex/Erth       19%        N/A       1%          4
 Manifold Assault         Tloc           38%        N/A       1%          4
 Petrify                  Tmut/Erth      38%        N/A       1%          4
 Sticky Flame             Conj/Fire      38%        2d6       1%          4
 Yara's Violent Unravell  Hex/Tmut       19%        3d9       1%          5
 Metabolic Englaciation   Hex/Ice        23%        N/A       2%          5
 Agony                    Necr           38%        N/A       6%          5
 Simulacrum               Ice/Necr       23%        N/A       16%         6
 Statue Form              Tmut/Erth      25%        N/A       28%         6
 Dragon Form              Tmut           19%        N/A       82%         7
 Enfeeble                 Hex            19%        N/A       82%         7
 Storm Form               Tmut/Air       19%        N/A       82%         7
 Dragon's Call            Summ           19%        N/A       100%        9


Dungeon Overview and Level Annotations

Branches:
Dungeon (13/15)            Temple (1/1) D:5            Lair (0/5) D:10
Ossuary (visited)
    Orc: D:9-12      Vaults: D:13-14

Altars:
Ashenzari
Cheibriados
Dithmenos
Elyvilon
Fedhas
Gozag
Hepliaklqana
Kikubaaqudgha
Makhleb
Nemelex Xobeh
Okawaru
Qazlal
Ru
Sif Muna
Trog
Uskayaw
Vehumet
Wu Jian
Xom
Yredelemnul
The Shining One

Shops:
D:7 !   D:8 [

Portals:
Abyss: D:6
Trove: D:11 (give 8 potions of haste)

Annotations:
D:5 Prince Ribbit
D:6 2 transporters, JMMCWHIRT's ghost, novice HOFi
D:10 3 runed translucent doors, math4jedi's ghost, novice MiBe
D:11 Grum
Temple 2 transporters


Innate Abilities, Weirdness & Mutations

You have very sharp teeth.
Your uncanny sense of smell can sniff out nearby items.
Your experience applies equally to all skills.


Message History

The wall freezes the wolf.
The wolf bites you!
Casting: Frozen Ramparts (safe; 1% risk of failure)
Confirm with . or Enter, or press ? or * to list all spells.
You don't know that spell.
Casting: Frozen Ramparts (safe; 1% risk of failure)
Confirm with . or Enter, or press ? or * to list all spells.
A film of ice covers your body!
The wall freezes the wolf!
The wall freezes the wolf.
The wolf bites you but does no damage.
The wall freezes the wolf.
Your ice beast hits the wolf.
Your ice beast freezes the wolf!
You barely miss the wolf.
The wolf is heavily wounded.
The wall freezes the wolf!
The wolf bites you but does no damage.
The wall freezes the wolf.
You kill the wolf!
Vehumet accepts your kill.
You feel your power returning.
The wall freezes the wolf.
The wolf barely misses you.
The wall freezes Grum.
Grum hits you from afar with a -1 halberd!
* * * LOW HITPOINT WARNING * * *
The wall freezes the wolf but does no damage.
Your ice beast hits the wolf but does no damage.
You closely miss the wolf. You bite the wolf, but do no damage.
The wolf is almost dead.
The wall freezes the wolf but does no damage.
The wolf bites you!
* * * LOW HITPOINT WARNING * * *
The wall freezes the wolf.
The wall freezes Grum.
Grum closely misses you.
The wall freezes the wolf but does no damage.
The wolf bites you.
* * * LOW HITPOINT WARNING * * *
You hit the wolf. You freeze the wolf.
You kill the wolf!
Vehumet accepts your kill.
You feel your power returning.
The wall freezes the wolf but does no damage.
Your ice beast hits the wolf but does no damage.
The wall freezes Grum!
Grum hits you from afar with a -1 halberd!
You die...

#..# ###'#######
#.........# #.........#
##+#### #.........#
#.....# #.........#
####.....# # #.....)...#
#..'.....# +.
#....)..hg###.##.....#
#..
#.......Y†h@..##....=# ∆
#..#.........######.....#
#.'.........# #.....#
###.........# ###'###
#####'##### #.# ... ###.#
## ####'#### ##...#
.####........ #..###
...##........+ ##'#######


You could see Grum, 2 wolves and a friendly ice beast (summoned).

Vanquished Creatures
  Gastronok (D:12)
  A boulder beetle (D:13)
  3 cyclopes
  An ugly thing (D:11)
  A manticore (D:11)
  8 centaur zombies (D:10)
  3 unseen horror zombies (D:10)
  A kobold demonologist (D:9)
  A troll (D:11)
  A hornet (D:11)
  Sigmund (D:4)
  2 shadows (D:11)
  A wyvern (D:10)
  13 yaks
  A steam dragon (D:8)
  4 vampire mosquitoes (D:11)
  2 acid dragons
  7 water moccasins
  2 orc warriors (D:9)
  2 black bears
  An ogre (D:6)
  2 wolves (D:11)
  3 centaurs
  Blork the orc (D:5)
  4 kobold brigands (D:9)
  3 bullfrogs
  A gnoll sergeant (D:5)
  4 scorpions
  2 water moccasin zombies (Ossuary)
  7 wights
  8 killer bees (D:8)
  8 howler monkeys
  3 hounds
  Crazy Yiuf (D:5)
  3 jellies
  4 orc priests
  A sleepcap (D:6)
  An iron imp (D:5)
  5 iguanas
  5 orc wizards
  2 mummies (Ossuary)
  Robin (D:2)
  4 gnolls
  6 adders
  A shadow imp (D:7)
  2 white imps (D:6)
  An ufetubus (D:5)
  3 adder zombies (Ossuary)
  2 worms
  A dart slug (D:1)
  28 orcs
  5 bats
  6 endoplasms
  A giant cockroach (D:2)
  5 gnoll zombies (Ossuary)
  11 hobgoblins
  3 jackals (D:4)
  4 quokkas
  8 ball pythons
  3 frilled lizards
  15 goblins
  6 hobgoblin zombies (Ossuary)
  10 kobolds
  3 kobold zombies (Ossuary)
  2 orc zombies (Ossuary)
  4 rats
260 creatures vanquished.

Vanquished Creatures (collateral kills)
  A boulder beetle (D:11)
  2 yaks (D:11)
  A water moccasin (D:10)
  A sky beast (D:7)
5 creatures vanquished.

Grand Total: 265 creatures vanquished

Notes
Turn   | Place    | Note
-------+----------+-------------------------------------------
     0 | D:1      | AlmostDecent the Gnoll Ice Elementalist began the quest for
                  | the Orb.
     0 | D:1      | Reached XP level 1. HP: 13/13 MP: 6/6
   104 | D:1      | Reached XP level 2. HP: 18/19 MP: 2/7
   169 | D:1      | Found a faded altar of an unknown god.
   529 | D:1      | Reached skill level 5 in Spellcasting
   529 | D:1      | Reached XP level 3. HP: 25/25 MP: 5/9
   944 | D:2      | Learned a level 3 spell: Frozen Ramparts
   948 | D:2      | Learned a level 3 spell: Ozocubu's Armour
   951 | D:2      | Learned a level 2 spell: Blink
   986 | D:2      | Noticed Robin
   993 | D:2      | Reached skill level 1 in Throwing
   993 | D:2      | Reached skill level 1 in Invocations
  1007 | D:2      | Killed Robin
  1008 | D:2      | Reached skill level 1 in Fighting
  1008 | D:2      | Reached skill level 1 in Short Blades
  1008 | D:2      | Reached skill level 1 in Long Blades
  1008 | D:2      | Reached skill level 1 in Axes
  1008 | D:2      | Reached skill level 1 in Maces & Flails
  1008 | D:2      | Reached skill level 1 in Polearms
  1008 | D:2      | Reached skill level 1 in Staves
  1008 | D:2      | Reached skill level 1 in Ranged Weapons
  1008 | D:2      | Reached skill level 1 in Armour
  1008 | D:2      | Reached skill level 1 in Shields
  1008 | D:2      | Reached skill level 1 in Unarmed Combat
  1008 | D:2      | Reached skill level 1 in Evocations
  1049 | D:2      | Reached XP level 4. HP: 32/32 MP: 0/11
  1602 | D:2      | Reached skill level 1 in Conjurations
  1602 | D:2      | Reached skill level 1 in Hexes
  1602 | D:2      | Reached skill level 1 in Summonings
  1602 | D:2      | Reached skill level 1 in Necromancy
  1602 | D:2      | Reached skill level 1 in Translocations
  1602 | D:2      | Reached skill level 1 in Transmutations
  1602 | D:2      | Reached skill level 1 in Fire Magic
  1602 | D:2      | Reached skill level 1 in Air Magic
  1602 | D:2      | Reached skill level 1 in Earth Magic
  1602 | D:2      | Reached skill level 1 in Poison Magic
  3072 | D:4      | Noticed a scorpion
  3085 | D:4      | Killed a scorpion
  3086 | D:4      | Reached skill level 2 in Throwing
  3086 | D:4      | Reached XP level 5. HP: 37/37 MP: 1/12
  3274 | D:4      | Reached XP level 6. HP: 44/44 MP: 1/13
  3282 | D:4      | Reached skill level 5 in Dodging
  3297 | D:4      | Learned a level 3 spell: Vampiric Draining
  3482 | D:4      | Noticed Sigmund
  3488 | D:4      | Killed Sigmund
  3489 | D:4      | Reached skill level 3 in Throwing
  3679 | D:4      | Found an ornate altar of the Wu Jian Council.
  3841 | D:5      | Entered Level 5 of the Dungeon
  3880 | D:5      | Noticed a black bear
  3883 | D:5      | Noticed Blork the orc
  3886 | D:5      | Reached XP level 7. HP: 50/50 MP: 4/15
  3892 | D:5      | Killed Blork the orc
  4110 | D:5      | Reached skill level 5 in Stealth
  4170 | D:5      | Noticed Prince Ribbit
  4172 | D:5      | Found an iron altar of Okawaru.
  4172 | D:5      | Found a glowing golden altar of the Shining One.
  4182 | D:5      | Found a staircase to the Ecumenical Temple.
  4191 | Temple   | Entered the Ecumenical Temple
  4191 | Temple   | Found a transporter.
  4191 | Temple   | Found a transporter.
  4193 | Temple   | Found a transporter.
  4193 | Temple   | Found a transporter.
  4207 | Temple   | Became a worshipper of Vehumet
  4313 | D:5      | Found a runed translucent door.
  4314 | D:5      | Noticed Crazy Yiuf
  4321 | D:5      | Killed Crazy Yiuf
  4414 | D:5      | Found a sacrificial altar of Ru.
  4423 | D:5      | Reached skill level 4 in Throwing
  4492 | D:5      | Learned a level 4 spell: Summon Ice Beast
  4619 | D:5      | Reached XP level 8. HP: 35/58 MP: 5/16
  4846 | D:5      | Found a snail-covered altar of Cheibriados.
  5444 | D:6      | Found a sand-covered staircase.
  5457 | Ossuary  | Entered an ossuary
  5560 | Ossuary  | Reached * piety under Vehumet
  5560 | Ossuary  | Offered knowledge of Sandblast by Vehumet.
  5578 | Ossuary  | Learned a level 1 spell: Sandblast
  5692 | Ossuary  | Reached skill level 5 in Throwing
  5790 | Ossuary  | Identified a scroll of acquirement
  5793 | Ossuary  | Acquired the amulet of Divine Intervention {RegenMP rPois
                  | Will+}
  6022 | D:6      | Found a transporter.
  6027 | D:6      | Found a transporter.
  6105 | D:6      | Found a one-way gate to the infinite horrors of the Abyss.
  6105 | D:6      | Noticed a wizard
  6105 | D:6      | Noticed JMMCWHIRT's ghost (novice HOFi)
  6126 | D:6      | Reached XP level 9. HP: 45/65 MP: 14/18
  6607 | D:7      | Reached skill level 6 in Throwing
  6720 | D:7      | Reached skill level 5 in Invocations
  6723 | D:7      | Offered knowledge of Scorch by Vehumet.
  6734 | D:7      | Reached ** piety under Vehumet
  6813 | D:7      | Identified the ring "Wemysyol" {rPois rC+ Int+2}
  6932 | D:7      | Found Afymmoh's Distillery.
  6935 | D:7      | Bought a potion of curing for 39 gold pieces
  6935 | D:7      | Bought a potion of might for 52 gold pieces
  7477 | D:7      | Learned a level 2 spell: Scorch
  7649 | D:8      | Reached skill level 7 in Throwing
  7694 | D:8      | Reached skill level 5 in Fighting
  7694 | D:8      | Reached skill level 5 in Short Blades
  7694 | D:8      | Reached skill level 5 in Long Blades
  7694 | D:8      | Reached skill level 5 in Axes
  7694 | D:8      | Reached skill level 5 in Maces & Flails
  7694 | D:8      | Reached skill level 5 in Polearms
  7694 | D:8      | Reached skill level 5 in Staves
  7694 | D:8      | Reached skill level 5 in Ranged Weapons
  7694 | D:8      | Reached skill level 5 in Armour
  7694 | D:8      | Reached skill level 5 in Shields
  7694 | D:8      | Reached skill level 5 in Unarmed Combat
  7694 | D:8      | Reached skill level 5 in Evocations
  7694 | D:8      | Reached XP level 10. HP: 34/74 MP: 20/20
  8452 | D:8      | Found a white marble altar of Elyvilon.
  8811 | D:8      | Found Siegfried's Dragon-Slaying Spoils.
  9027 | D:9      | Noticed a kobold demonologist
  9048 | D:9      | Killed a kobold demonologist
  9048 | D:9      | Offered knowledge of Searing Ray by Vehumet.
  9184 | D:9      | Found a shimmering altar of Xom.
  9552 | D:10     | Entered Level 10 of the Dungeon
  9564 | D:9      | Reached skill level 8 in Throwing
  9733 | D:10     | Reached *** piety under Vehumet
 10089 | D:10     | Found a staircase to the Lair.
 10133 | D:10     | Found a burning altar of Makhleb.
 10207 | D:10     | Reached skill level 5 in Conjurations
 10207 | D:10     | Reached skill level 5 in Hexes
 10207 | D:10     | Reached skill level 5 in Summonings
 10207 | D:10     | Reached skill level 5 in Necromancy
 10207 | D:10     | Reached skill level 5 in Translocations
 10207 | D:10     | Reached skill level 5 in Transmutations
 10207 | D:10     | Reached skill level 5 in Fire Magic
 10207 | D:10     | Reached skill level 5 in Air Magic
 10207 | D:10     | Reached skill level 5 in Earth Magic
 10207 | D:10     | Reached skill level 5 in Poison Magic
 10207 | D:10     | Reached XP level 11. HP: 46/79 MP: 17/22
 10328 | D:10     | Offered knowledge of Ignite Poison by Vehumet.
 10507 | D:10     | Found a basalt altar of Yredelemnul.
 10534 | D:10     | Reached skill level 9 in Throwing
 11182 | D:10     | You fall into a shaft and drop 3 floors!
 11222 | D:13     | Noticed a boulder beetle
 11355 | D:13     | Killed a boulder beetle
 11598 | D:13     | Noticed a cyclops
 11610 | D:13     | Killed a cyclops
 11802 | D:13     | Noticed a cyclops
 11811 | D:13     | Killed a cyclops
 11964 | D:12     | Noticed Gastronok
 12001 | D:12     | Killed Gastronok
 12032 | D:12     | Noticed a cyclops
 12044 | D:12     | Killed a cyclops
 12075 | D:11     | Reached skill level 10 in Throwing
 12384 | D:10     | Found a runed translucent gate.
 12384 | D:10     | Found a runed translucent gate.
 12384 | D:10     | Found a runed translucent gate.
 12385 | D:10     | Noticed math4jedi's ghost (novice MiBe)
 12804 | D:11     | Found a portal to a secret trove of treasure.
 12843 | D:11     | Noticed a green ugly thing
 12860 | D:11     | Reached XP level 12. HP: 91/91 MP: 17/24
 13192 | D:11     | Noticed a boulder beetle
 13213 | D:11     | Killed a boulder beetle
 13446 | D:11     | Reached **** piety under Vehumet
 13490 | D:11     | Noticed Grum
 13503 | D:11     | Slain by Grum

Illustrated notes

Levels and vault maps discovered:
D:1:      dpeg_arrival_arbitrary_b, layout_basic,
          chequers_ecumenical_altar_simple, minmay_misc_feat_more_columns
D:2:      layout_basic, st_stairs_3, hangedman_decor_peaks_small, uniq_robin
D:3:      layout_basic
D:4:      layout_cave_pools, nicolae_wu_jian_glorious_leap, uniq_sigmund
D:5:      layout_loops_ring, chei_slow_surprise,
          nicolae_ru_sacrificial_ziggurat, nicolae_overflow_hidden_temple,
          minmay_temple_entry_stoned_glass, serial_co_window_serial,
          co_window_corner_a, co_window_of_opportunity_a, co_window_paths_b,
          co_window_paths_a, co_window_cross_1, co_window_broadway_b,
          co_window_corner_cb, co_window_unsneaky_path_c,
          co_window_unsneaky_path_b, lightli_minifort, uniq_blork_the_orc,
          uniq_prince_ribbit1, uniq_crazy_yiuf_cottage
D:6:      layout_basic, nicolae_ossuary_entry_monument,
          gammafunk_ghost_abyssal_escape
D:7:      layout_loops_cross, serial_shops, kennysheep_mini
D:8:      layout_layer_cave, mainiacjoe_overflow_paths,
          nicolae_shop_dragon_depot
D:9:      layout_cave_pools, mainiacjoe_overflow_chevrons, minmay_misc_feat_chi
D:10:     layout_rooms, nicolae_yredelemnul_corpse_copse,
          mainiacjoe_overflow_six_doors_small, due_lair_maze_entry_diamond,
          ebering_ghost_rock_garden
D:11:     layout_roguey, enter_trove_0, uniq_grum
D:12:     layout_layer_cave, orc_david_3, uniq_urug, uniq_gastronok,
          uniq_maurice
D:13:     layout_small_grid, makhleb_altar_promises_db, uniq_nessos
Temple:   hellmonk_temple_divided_pantheon

Skill      XL: |  1  2  3  4  5  6  7  8  9 10 11 12 |
---------------+-------------------------------------+-----
Spellcasting   | 5 6 7 8 9 |  9.0
Throwing       | 1 2 3 4 5 7 8 10 | 10.5
Invocations    | 1 2 3 4 5 6 7 8 |  8.1
Fighting       | 1 2 3 5 6 7 |  7.4
Short Blades   | 1 2 3 5 6 7 |  7.4
Long Blades    | 1 2 3 5 6 7 |  7.4
Axes           | 1 2 3 5 6 7 |  7.4
Maces & Flails | 1 2 3 5 6 7 |  7.4
Polearms       | 1 2 3 5 6 7 |  7.4
Staves         | 1 2 3 5 6 7 |  7.4
Ranged Weapons | 1 2 3 5 6 7 |  7.4
Armour         | 1 2 3 5 6 7 |  7.4
Shields        | 1 2 3 5 6 7 |  7.4
Unarmed Combat | 1 2 3 5 6 7 |  7.4
Evocations     | 1 2 3 5 6 7 |  7.4
Conjurations   | 1 2 3 4 5 6 |  6.1
Hexes          | 1 2 3 4 5 6 |  6.1
Summonings     | 1 2 3 4 5 6 |  6.1
Necromancy     | 1 2 3 4 5 6 |  6.1
Translocations | 1 2 3 4 5 6 |  6.1
Transmutations | 1 2 3 4 5 6 |  6.1
Fire Magic     | 1 2 3 4 5 6 |  6.1
Air Magic      | 1 2 3 4 5 6 |  6.1
Earth Magic    | 1 2 3 4 5 6 |  6.1
Poison Magic   | 1 2 3 4 5 6 |  6.1
Dodging        | 5 6 7 8 |  8.8
Stealth        | 5 6 7 8 |  8.6
Ice Magic      | 8 9 |  9.5

Action                     |  1- 3 |  4- 6 |  7- 9 | 10-12 || total
---------------------------+-------+-------+-------+-------++-------
  Melee: Unarmed           |    24 |    26 |     1 |       ||    51
         Bite              |     1 |     5 |     6 |    11 ||    23
         Punch             |     1 |     1 |       |     2 ||     4
         Quarterstaff      |       |       |    69 |    17 ||    86
         Falchion          |       |       |       |    60 ||    60
   Cast: Freeze            |    41 |    46 |    31 |     8 ||   126
         Frozen Ramparts   |     4 |    10 |    24 |    30 ||    68
         Ozocubu's Armour  |       |     3 |     5 |    18 ||    26
         Blink             |       |     1 |     2 |     4 ||     7
         Vampiric Draining |       |     1 |       |     3 ||     4
         Sandblast         |       |       |   134 |   204 ||   338
         Summon Ice Beast  |       |       |     3 |    11 ||    14
    Use: Scroll            |       |    11 |     6 |     7 ||    24
         Potion            |       |       |       |     5 ||     5
   Stab: Sleeping          |     2 |       |     1 |       ||     3
 Armour: Robe              |     5 |    28 |    72 |   106 ||   211
  Dodge: Dodged            |    37 |    54 |   168 |   282 ||   541
